| TOP OF THE 1ST |
|
Brooklyn Cyclones batting - Pitching for Milwaukee Otters : RHP Willie Blair
|
|
Pitching: RHP Willie Blair
|
|
|
Batting: RHB Onix Concepcion
|
0-0: SINGLE (Groundball, 56D, EV 110.6 MPH)
|
|
Batting: LHB Ray Giannelli
|
0-0: Called Strike 0-1: Foul Ball, location: 2F 0-2: Ball 1-2: Ball 2-2: Fielders Choice at 2nd, 4-6 (Groundball, 34, EV 91.3 MPH)
|
|
Batting: RHB Jed Hansen
|
0-0: Fly out, F7 (Line Drive, 7, EV 90.6 MPH)
|
|
Batting: SHB Turner Ward
|
0-0: Foul Ball, location: 2F 0-1: Ball 1-1: Ball 2-1: Fly out, F4 (Popup, 4, EV 60.0 MPH)
|
| Top of the 1st over - 0 runs, 1 hit, 0 errors, 1 left on base; Brooklyn 0 - Milwaukee 0 |
| BOTTOM OF THE 1ST |
|
Milwaukee Otters batting - Pitching for Brooklyn Cyclones : RHP Jim Mecir
|
|
Pitching: RHP Jim Mecir
|
|
|
Batting: RHB Chris Sabo
|
0-0: Foul Ball, location: 2F 0-1: Ball 1-1: Ball 2-1: Bunted foul 2-2: Foul Ball, location: 2F 2-2: Ball 3-2: Base on Balls
|
|
Batting: RHB Carlos A. Martinez
|
0-0: Called Strike 0-1: Ball 1-1: Called Strike 1-2: SINGLE (Line Drive, 78S, EV 108.1 MPH) Chris Sabo to second
|
|
Batting: LHB Brady Anderson
|
0-0: Ball 1-0: Ball 2-0: Called Strike 2-1: Called Strike 2-2: Foul Ball, location: 2F 2-2: Ball 3-2: Foul Ball, location: 2F 3-2: Base on Balls Chris Sabo to third Carlos A. Martinez to second
|
|
Batting: LHB Oddibe McDowell
|
0-0: Ball 1-0: Ball 2-0: Ball 3-0: Base on Balls Chris Sabo scores Carlos A. Martinez to third Brady Anderson to second
|
|
Batting: RHB Cal Ripken Jr.
|
0-0: Grounds into double play, 4-6-3 (Groundball, 4, EV 87.5 MPH) Carlos A. Martinez scores Brady Anderson to third
|
|
Batting: RHB Robby Thompson
|
0-0: Called Strike 0-1: Ground out 5-3 (Groundball, 5, EV 101.3 MPH)
|
| Bottom of the 1st over - 2 runs, 1 hit, 0 errors, 1 left on base; Brooklyn 0 - Milwaukee 2 |
| TOP OF THE 2ND |
|
Brooklyn Cyclones batting - Pitching for Milwaukee Otters : RHP Willie Blair
|
|
Batting: LHB Greg Blosser
|
0-0: Called Strike 0-1: Swinging Strike 0-2: Ground out 4-3 (Groundball, 4, EV 91.3 MPH)
|
|
Batting: RHB Brent Cookson
|
0-0: DOUBLE (Flyball, 78XD, EV 96.9 MPH)
|
|
Batting: RHB Pedro Castellano
|
0-0: Called Strike 0-1: SINGLE (Groundball, 6MD, EV 110.6 MPH) Brent Cookson to third Runner from 3rd tries for Home, SAFE, throw by CF to home
|
|
Batting: LHB Joe Siddall
|
0-0: Ball 1-0: Ball 2-0: TRIPLE (Flyball, 78XD, EV 105.6 MPH) Pedro Castellano scores
|
|
Batting: RHB Alan Cockrell
|
0-0: Called Strike 0-1: Ball 1-1: Ground out 1-3 (Groundball, 15S, EV 70.0 MPH)
|
|
Batting: RHB Onix Concepcion
|
0-0: Ball 1-0: Ball 2-0: Ball 3-0: Called Strike 3-1: Fly out, F7 (Flyball, 7S, EV 95.0 MPH)
|
| Top of the 2nd over - 2 runs, 3 hits, 0 errors, 1 left on base; Brooklyn 2 - Milwaukee 2 |
| BOTTOM OF THE 2ND |
|
Milwaukee Otters batting - Pitching for Brooklyn Cyclones : RHP Jim Mecir
|
|
Batting: LHB Lou Whitaker
|
0-0: Ball 1-0: Swinging Strike 1-1: Foul Ball, location: 2F 1-2: SINGLE (Flyball, 78M, EV 95.0 MPH)
|
|
Batting: RHB Joe Vitiello
|
0-0: Ball 1-0: Called Strike 1-1: Foul Ball, location: 2F 1-2: SINGLE (Groundball, 34D, EV 95.0 MPH) Lou Whitaker to second Runner from 2nd tries for 3rd, SAFE, throw by RF made to third
|
|
Batting: RHB Brian Harper
|
0-0: Ball 1-0: Ball 2-0: Called Strike 2-1: Foul Ball, location: 2F 2-2: SINGLE (Line Drive, 78S, EV 101.3 MPH) Lou Whitaker scores Joe Vitiello to second
|
|
Batting: RHB Chris Sabo
|
0-0: Called Strike 0-1: Ball 1-1: Ball 2-1: Called Strike 2-2: Strikes out swinging
|
|
Batting: RHB Carlos A. Martinez
|
0-0: Ball 1-0: Ball 2-0: Foul Ball, location: 2F 2-1: SINGLE (Groundball, 6MD, EV 98.1 MPH) Joe Vitiello to third Brian Harper to second
|
|
Batting: LHB Brady Anderson
|
0-0: Ball 1-0: Ball 2-0: Ball 3-0: Called Strike 3-1: Called Strike 3-2: SINGLE (Line Drive, 7LS, EV 102.5 MPH) Joe Vitiello scores Brian Harper to third Carlos A. Martinez to second
|
|
Batting: LHB Oddibe McDowell
|
0-0: Ball 1-0: Ball 2-0: Ball 3-0: Base on Balls Brian Harper scores Carlos A. Martinez to third Brady Anderson to second
|
|
Batting: RHB Cal Ripken Jr.
|
0-0: Called Strike 0-1: Ball 1-1: Ball 2-1: Reached via error on a dropped throw from 3B, E4 (Groundball, 56, EV 86.9 MPH) Carlos A. Martinez scores Brady Anderson to third Oddibe McDowell to second
|
|
Batting: RHB Robby Thompson
|
0-0: Ball 1-0: Called Strike 1-1: SINGLE (Line Drive, 89S, EV 109.4 MPH) Brady Anderson scores Oddibe McDowell to third Cal Ripken Jr. to second Runner from 3rd tries for Home, SAFE, no throw by RF
|
|
Pitching: RHP Steve Reed
|
|
|
Batting: LHB Lou Whitaker
|
0-0: Called Strike 0-1: Fielders Choice at 2nd, 3-6 (Groundball, 34, EV 86.3 MPH) Cal Ripken Jr. to third
|
|
Batting: RHB Joe Vitiello
|
0-0: Ball 1-0: Ball 2-0: Called Strike 2-1: Ball 3-1: Base on Balls Lou Whitaker to second
|
|
Batting: RHB Brian Harper
|
0-0: Called Strike 0-1: SINGLE (Groundball, 6MD, EV 101.9 MPH) Cal Ripken Jr. scores Lou Whitaker to third Joe Vitiello to second Runner from 3rd tries for Home, SAFE, no throw by CF
|
|
Batting: RHB Chris Sabo
|
0-0: Ball 1-0: Swinging Strike Passed Ball! Joe Vitiello to third Brian Harper to second 1-1: Ball 2-1: Ball 3-1: Called Strike 3-2: Ground out 4-3 (Groundball, 34, EV 91.3 MPH)
|
| Bottom of the 2nd over - 8 runs, 7 hits, 1 error, 2 left on base; Brooklyn 2 - Milwaukee 10 |
| TOP OF THE 3RD |
|
Brooklyn Cyclones batting - Pitching for Milwaukee Otters : RHP Willie Blair
|
|
Batting: LHB Ray Giannelli
|
0-0: Ball 1-0: Called Strike 1-1: Ball 2-1: Foul Ball, location: 2F 2-2: Ball 3-2: SINGLE (Groundball, 6, EV 108.8 MPH) (infield hit)
|
|
Batting: RHB Jed Hansen
|
0-0: Ball 1-0: Ball 2-0: Called Strike 2-1: Ball 3-1: Foul Ball, location: 2F 3-2: Fly out, F8 (Flyball, 8LD, EV 93.1 MPH)
|
|
Batting: SHB Turner Ward
|
0-0: Called Strike 0-1: Ball 1-1: Foul Ball, location: 2F 1-2: SINGLE (Line Drive, 9S, EV 92.5 MPH) Ray Giannelli to second
|
|
Batting: LHB Greg Blosser
|
0-0: Swinging Strike 0-1: Ball 1-1: Ball 2-1: Fly out, F1 (Line Drive, P, EV 63.1 MPH)
|
|
Batting: RHB Brent Cookson
|
0-0: Ball Passed Ball! Ray Giannelli to third Turner Ward to second 1-0: Foul Ball, location: 2F 1-1: Ball 2-1: Foul Ball, location: 2F 2-2: Ball 3-2: Foul Ball, location: 2F 3-2: Base on Balls
|
|
Batting: RHB Pedro Castellano
|
0-0: Foul Ball, location: 2F 0-1: Swinging Strike 0-2: Strikes out looking
|
| Top of the 3rd over - 0 runs, 2 hits, 0 errors, 3 left on base; Brooklyn 2 - Milwaukee 10 |
| BOTTOM OF THE 3RD |
|
Milwaukee Otters batting - Pitching for Brooklyn Cyclones : RHP Steve Reed
|
|
Batting: RHB Carlos A. Martinez
|
0-0: Ball 1-0: Called Strike 1-1: Ball 2-1: Ball 3-1: Fly out, F8 (Flyball, 8RS, EV 93.8 MPH)
|
|
Batting: LHB Brady Anderson
|
0-0: Ball 1-0: Called Strike 1-1: Ball 2-1: Ball 3-1: Foul Ball, location: 2F 3-2: SINGLE (Groundball, 56, EV 100.0 MPH) (infield hit)
|
|
Pitching: LHP Zane Smith
|
|
|
Batting: LHB Oddibe McDowell
|
0-0: Ball 1-0: Ball 2-0: Called Strike 2-1: Called Strike 2-2: Foul Ball, location: 2F 2-2: Strikes out swinging
|
|
Batting: RHB Cal Ripken Jr.
|
0-0: Fielders Choice at 2nd, 6-4 (Groundball, 6, EV 104.4 MPH)
|
| Bottom of the 3rd over - 0 runs, 1 hit, 0 errors, 1 left on base; Brooklyn 2 - Milwaukee 10 |
| TOP OF THE 4TH |
|
Brooklyn Cyclones batting - Pitching for Milwaukee Otters : RHP Willie Blair
|
|
Batting: LHB Joe Siddall
|
0-0: Ball 1-0: Ball 2-0: Ball 3-0: Base on Balls
|
|
Batting: RHB Alan Cockrell
|
0-0: TRIPLE (Line Drive, 89XD, EV 105.6 MPH) Joe Siddall scores
|
|
Batting: RHB Onix Concepcion
|
0-0: Ball 1-0: Fly out, F7 (Flyball, 7, EV 94.4 MPH)
|
|
Batting: LHB Ray Giannelli
|
0-0: Ball 1-0: Foul Ball, location: 2F 1-1: Ball 2-1: DOUBLE (Flyball, 89D, EV 103.1 MPH) Alan Cockrell scores
|
|
Batting: RHB Jed Hansen
|
0-0: Ball 1-0: Foul Ball, location: 2F 1-1: Foul Ball, location: 2F 1-2: Strikes out swinging
|
|
Batting: SHB Turner Ward
|
0-0: Fly out, F5 (Popup, 5L, EV 73.1 MPH)
|
| Top of the 4th over - 2 runs, 2 hits, 0 errors, 1 left on base; Brooklyn 4 - Milwaukee 10 |
| BOTTOM OF THE 4TH |
|
Milwaukee Otters batting - Pitching for Brooklyn Cyclones : LHP Zane Smith
|
|
Batting: RHB Robby Thompson
|
0-0: Called Strike 0-1: Ball 1-1: Ball 2-1: Called Strike 2-2: Foul Ball, location: 2F 2-2: Ball 3-2: Foul Ball, location: 2F 3-2: Foul Ball, location: 2F 3-2: Base on Balls
|
|
Batting: LHB Lou Whitaker
|
0-0: Ball 1-0: Foul Ball, location: 2F 1-1: Ball 2-1: Foul Ball, location: 2F 2-2: Reached on error, E4 (Groundball, 34, EV 84.4 MPH) Robby Thompson to second
|
|
Pitching: RHP Todd Erdos
|
|
|
Batting: RHB Joe Vitiello
|
0-0: Ball 1-0: Called Strike 1-1: Foul Ball, location: 2F 1-2: Foul Ball, location: 2F 1-2: Fly out, F8 (Flyball, 89D, EV 98.8 MPH) Runner from 2nd tags up, SAFE at 3rd, no throw by CF
|
|
Batting: RHB Brian Harper
|
0-0: Ball 1-0: Ball 2-0: Foul Ball, location: 2F 2-1: Fly out, F7 (Flyball, 7, EV 93.1 MPH) Runner from 3rd tags up, SCORES, no throw by LF
|
|
Batting: RHB Chris Sabo
|
0-0: Ball 1-0: Ball 2-0: Swinging Strike 2-1: Fielders Choice at 2nd, 6-4 (Groundball, 6, EV 108.1 MPH)
|
| Bottom of the 4th over - 1 run, 0 hits, 1 error, 1 left on base; Brooklyn 4 - Milwaukee 11 |
| TOP OF THE 5TH |
|
Brooklyn Cyclones batting - Pitching for Milwaukee Otters : RHP Willie Blair
|
|
Batting: LHB Greg Blosser
|
0-0: Ball 1-0: Called Strike 1-1: Ball 2-1: Ball 3-1: Base on Balls
|
|
Batting: RHB Brent Cookson
|
0-0: Foul Ball, location: 2F 0-1: Ball 1-1: Ball 2-1: Called Strike 2-2: SINGLE (Groundball, 56D, EV 97.5 MPH) Greg Blosser to second
|
|
Batting: RHB Pedro Castellano
|
0-0: Ball 1-0: Called Strike 1-1: Foul Ball, location: 2F 1-2: Strikes out swinging
|
|
Batting: LHB Joe Siddall
|
0-0: Ball 1-0: Called Strike 1-1: Ball 2-1: Ball 3-1: Called Strike 3-2: Fly out, F8 (Flyball, 8RD, EV 101.9 MPH)
|
|
Batting: RHB Alan Cockrell
|
0-0: Ground out 4-3 (Groundball, 4, EV 89.4 MPH)
|
| Top of the 5th over - 0 runs, 1 hit, 0 errors, 2 left on base; Brooklyn 4 - Milwaukee 11 |
| BOTTOM OF THE 5TH |
|
Milwaukee Otters batting - Pitching for Brooklyn Cyclones : RHP Todd Erdos
|
|
Batting: RHB Carlos A. Martinez
|
0-0: Foul Ball, location: 2F 0-1: Ball 1-1: Foul Ball, location: 2F 1-2: Ball 2-2: DOUBLE (Line Drive, 8LD, EV 94.4 MPH)
|
|
Batting: LHB Brady Anderson
|
0-0: Ball 1-0: Ball 2-0: Foul Ball, location: 2F 2-1: Ball 3-1: Base on Balls
|
|
Pitching: RHP Darren Dreifort
|
|
|
Batting: LHB Oddibe McDowell
|
0-0: Ball 1-0: Swinging Strike 1-1: Swinging Strike 1-2: Fly out, F8 (Flyball, 8RD, EV 104.4 MPH)
|
|
Batting: RHB Cal Ripken Jr.
|
0-0: Ball 1-0: Ball 2-0: Called Strike 2-1: Fly out, F7 (Line Drive, 7, EV 96.9 MPH)
|
|
Batting: RHB Robby Thompson
|
0-0: Called Strike 0-1: Swinging Strike 0-2: Foul Ball, location: 2F 0-2: Ball 1-2: Ball 2-2: Foul Ball, location: 2F 2-2: Ball 3-2: Base on Balls Carlos A. Martinez to third Brady Anderson to second
|
|
Batting: LHB Lou Whitaker
|
0-0: Ball 1-0: Ball 2-0: Called Strike 2-1: Foul Ball, location: 2F 2-2: Ball 3-2: Foul Ball, location: 2F 3-2: Base on Balls Carlos A. Martinez scores Brady Anderson to third Robby Thompson to second
|
|
Pitching: RHP Curt Lyons
|
|
|
Batting: RHB Joe Vitiello
|
0-0: Foul Ball, location: 2F 0-1: Ball 1-1: DOUBLE (Flyball, 78XD, EV 108.8 MPH) Brady Anderson scores Robby Thompson scores Lou Whitaker to third
|
|
Batting: RHB Brian Harper
|
0-0: Ground out 5-3 (Groundball, 5, EV 100.0 MPH)
|
| Bottom of the 5th over - 3 runs, 2 hits, 0 errors, 2 left on base; Brooklyn 4 - Milwaukee 14 |
| TOP OF THE 6TH |
|
Brooklyn Cyclones batting - Pitching for Milwaukee Otters : RHP Willie Blair
|
|
Batting: RHB Onix Concepcion
|
0-0: Ground out 6-3 (Groundball, 6, EV 103.1 MPH)
|
|
Batting: LHB Ray Giannelli
|
0-0: Fly out, F8 (Flyball, 78D, EV 81.3 MPH)
|
|
Batting: RHB Jed Hansen
|
0-0: Ball 1-0: Ball 2-0: Called Strike 2-1: SINGLE (Line Drive, 34, EV 100.0 MPH)
|
|
Batting: SHB Turner Ward
|
Pickoff Throw to First - Out! 1-3
|
| Top of the 6th over - 0 runs, 1 hit, 0 errors, 0 left on base; Brooklyn 4 - Milwaukee 14 |
| BOTTOM OF THE 6TH |
|
Milwaukee Otters batting - Pitching for Brooklyn Cyclones : RHP Curt Lyons
|
|
Batting: RHB Chris Sabo
|
0-0: Ball 1-0: Ball 2-0: Ball 3-0: Base on Balls
|
|
Batting: RHB Carlos A. Martinez
|
0-0: Ball 1-0: Ball 2-0: Ball 3-0: Called Strike 3-1: Foul Ball, location: 2F 3-2: Base on Balls Chris Sabo to second
|
|
Batting: LHB Brady Anderson
|
0-0: Grounds into double play, 4-6-3 (Groundball, 4, EV 87.5 MPH) Chris Sabo to third
|
|
Batting: LHB Oddibe McDowell
|
0-0: Ball 1-0: Ball 2-0: SINGLE (Line Drive, 5D, EV 94.4 MPH) Chris Sabo scores
|
|
Batting: RHB Cal Ripken Jr.
|
0-0: Foul Ball, location: 2F 0-1: Fly out, F7 (Flyball, 7, EV 91.3 MPH)
|
| Bottom of the 6th over - 1 run, 1 hit, 0 errors, 1 left on base; Brooklyn 4 - Milwaukee 15 |
| TOP OF THE 7TH |
|
Brooklyn Cyclones batting - Pitching for Milwaukee Otters : RHP Willie Blair
|
|
Pitching: RHP Marc Pisciotta
|
|
|
Batting: SHB Turner Ward
|
0-0: Ball 1-0: SINGLE (Groundball, 4MD, EV 103.1 MPH)
|
|
Batting: LHB Greg Blosser
|
0-0: Foul Ball, location: 2F 0-1: Ball 1-1: Grounds into double play, 4-6-3 (Groundball, 4, EV 106.9 MPH)
|
|
Batting: RHB Brent Cookson
|
0-0: Ball 1-0: Ball 2-0: Ball 3-0: Base on Balls
|
|
Batting: RHB Pedro Castellano
|
0-0: Reached on error, E7 (Flyball, 7S, EV 89.4 MPH) Brent Cookson to third
|
|
Batting: LHB Joe Siddall
|
0-0: Ground out 4-3 (Groundball, 4, EV 101.9 MPH)
|
| Top of the 7th over - 0 runs, 1 hit, 1 error, 2 left on base; Brooklyn 4 - Milwaukee 15 |
| BOTTOM OF THE 7TH |
|
Milwaukee Otters batting - Pitching for Brooklyn Cyclones : RHP Curt Lyons
|
|
Pitching: RHP Tim Belk
|
|
|
Batting: RHB Robby Thompson
|
0-0: Ball 1-0: SINGLE (Flyball, 89M, EV 94.4 MPH)
|
|
Batting: LHB Lou Whitaker
|
0-0: Ball 1-0: Ball 2-0: Fly out, F8 (Line Drive, 8RD, EV 90.6 MPH)
|
|
Batting: RHB Joe Vitiello
|
0-0: Swinging Strike 0-1: Ball 1-1: Ball 2-1: Swinging Strike 2-2: Fly out, F9 (Flyball, 9LS, EV 89.4 MPH)
|
|
Batting: RHB Brian Harper
|
0-0: Foul Ball, location: 2F 0-1: Called Strike 0-2: Ball 1-2: Ball 2-2: Strikes out swinging
|
| Bottom of the 7th over - 0 runs, 1 hit, 0 errors, 1 left on base; Brooklyn 4 - Milwaukee 15 |
| TOP OF THE 8TH |
|
Brooklyn Cyclones batting - Pitching for Milwaukee Otters : RHP Marc Pisciotta
|
|
Batting: RHB Alan Cockrell
|
0-0: Fly out, F4 (Line Drive, 4, EV 63.1 MPH)
|
|
Batting: RHB Onix Concepcion
|
0-0: Ground out U3 (Groundball, 34S, EV 81.3 MPH)
|
|
Batting: LHB Ray Giannelli
|
0-0: Ball 1-0: Called Strike 1-1: Fly out, F7 (Flyball, 7, EV 80.6 MPH)
|
| Top of the 8th over - 0 runs, 0 hits, 0 errors, 0 left on base; Brooklyn 4 - Milwaukee 15 |
| BOTTOM OF THE 8TH |
|
Milwaukee Otters batting - Pitching for Brooklyn Cyclones : RHP Tim Belk
|
|
Batting: RHB Chris Sabo
|
0-0: Ball 1-0: Foul Ball, location: 2F 1-1: SINGLE (Groundball, 34D, EV 96.9 MPH)
|
|
Batting: RHB Carlos A. Martinez
|
0-0: SINGLE (Flyball, 8LS, EV 89.4 MPH) Chris Sabo to second
|
|
Batting: LHB Brady Anderson
|
0-0: Ball 1-0: Ball 2-0: Ball Wild Pitch! Chris Sabo to third Carlos A. Martinez to second 3-0: Called Strike 3-1: SINGLE (Groundball, 56, EV 83.1 MPH) (infield hit) Chris Sabo scores Carlos A. Martinez to third
|
|
Batting: LHB Oddibe McDowell
|
0-0: Ball 1-0: Foul Ball, location: 2F 1-1: Ball 2-1: Ball 3-1: Called Strike 3-2: Base on Balls Brady Anderson to second
|
|
Batting: RHB Cal Ripken Jr.
|
0-0: Ball 1-0: Ball 2-0: Grounds into double play, U5-3 (Groundball, 5L, EV 108.1 MPH) Carlos A. Martinez scores Oddibe McDowell to second
|
|
Batting: RHB Robby Thompson
|
0-0: Fly out, F9 (Flyball, 89M, EV 89.4 MPH)
|
| Bottom of the 8th over - 2 runs, 3 hits, 0 errors, 1 left on base; Brooklyn 4 - Milwaukee 17 |
| TOP OF THE 9TH |
|
Brooklyn Cyclones batting - Pitching for Milwaukee Otters : RHP Marc Pisciotta
|
|
Batting: RHB Jed Hansen
|
0-0: Ball 1-0: Ground out 5-3 (Groundball, 56S, EV 85.6 MPH)
|
|
Batting: SHB Turner Ward
|
0-0: Called Strike 0-1: Ball 1-1: Ball 2-1: Foul Ball, location: 2F 2-2: Strikes out swinging
|
|
Batting: LHB Greg Blosser
|
0-0: Ground out 4-3 (Groundball, 4M, EV 96.3 MPH)
|
| Top of the 9th over - 0 runs, 0 hits, 0 errors, 0 left on base; Brooklyn 4 - Milwaukee 17 |
|